 Dungeon Crawl Stone Soup version 0.28-a0-60-g54b5640690 (webtiles) character file.

Game seed: 9169657234750767469

18932 arson the Warrior (level 12, -13/122 HPs)
             Began as a Minotaur Berserker on July 30, 2021.
             Was an Elder of Trog.
             Mangled by a minotaur (25 damage)
             ... in a Gauntlet.
             The game lasted 00:26:45 (14567 turns).

arson the Warrior (Minotaur Berserker)             Turns: 14567, Time: 00:26:58

Health: -13/122    AC: 16    Str: 30    XL:     12   Next: 32%
Magic:  11/11      EV:  6    Int:  6    God:    Trog [****..]
Gold:   711        SH: 11    Dex: 10    Spells: 11/11 levels left

rFire   + . .      SeeInvis +   c - +0 war axe
rCold   + . .      Faith    .   r - +0 kite shield
rNeg    . . .      Spirit   .   i - +0 plate armour
rPois   .          Reflect  .   G - +2 hat
rElec   +          Harm     .   u - scarf {shadows}
rCorr   .          Rampage  .   K - +0 pair of gloves
Will    .....      NoTele   +   F - +1 pair of boots
Stlth   ..........              (no amulet)
HPRegen 0.30/turn               b - ring of protection from cold
MPRegen 0.12/turn               n - ring "Mebot" {rElec rF+ Str+3 Int+2 SInv}

@: on berserk cooldown, slowed, very slow
A: horns 2, retaliatory headbutt
a: Renounce Religion, Berserk, Trog's Hand, Brothers in Arms


You were in a Gauntlet.
You worshipped Trog.
Trog was greatly pleased with you.
You visited 2 branches of the dungeon, and saw 12 of its levels.
You also visited: Bailey and Gauntlet.

You collected 711 gold pieces.

Inventory:

Hand Weapons
 a - a +0 hand axe
 c - a +0 war axe (weapon)
Missiles
 g - a throwing net (quivered)
Armour
 i - a +0 plate armour (worn)
 r - a +0 kite shield (worn)
 u - a scarf of shadows (worn)
 F - a +1 pair of boots (worn)
 G - a +2 hat (worn)
 K - a +0 pair of gloves (worn)
Jewellery
 b - a ring of protection from cold (left hand)
 f - a ring of flight
 n - the ring "Mebot" (right hand) {rElec rF+ Str+3 Int+2 SInv}
   (You found it in a Gauntlet)

   [ring of protection from fire]

   Str:       It affects your strength (+3).
   Int:       It affects your intelligence (+2).
   rF:        It protects you from fire.
   rElec:     It insulates you from electricity.
   SInv:      It lets you see invisible.
 L - a ring of resist corrosion
Wands
 l - a wand of paralysis (17)
 y - a wand of polymorph (23)
 C - a wand of digging (4)
 D - a wand of flame (32)
 H - a wand of iceblast (18)
 M - a wand of acid (9)
Scrolls
 d - 3 scrolls of fear
 e - a scroll of enchant armour
 j - a scroll of holy word
 k - a scroll of blinking
 o - 7 scrolls of teleportation
 p - 4 scrolls of fog
 v - 3 scrolls of vulnerability
 I - 2 scrolls of brand weapon {unknown}
 J - a scroll of enchant weapon
 N - a scroll of torment
Potions
 h - 2 potions of heal wounds {unknown}
 m - a potion of degeneration {unknown}
 q - 5 potions of invisibility {unknown}
 s - a potion of berserk rage {unknown}
 t - 2 potions of might {unknown}
 w - 5 potions of lignification {unknown}
 x - a potion of attraction {unknown}
 z - 4 potions of haste {unknown}
 A - a potion of cancellation {unknown}
 B - a potion of ambrosia {unknown}
 E - a potion of curing {unknown}
 O - a potion of mutation {unknown}


   Skills:
 - Level 16.0 Fighting
 - Level 16.0 Axes
 - Level 2.4 Armour
 - Level 2.2 Dodging
 + Level 7.0 Shields


You had 11 spell levels left.
You didn't know any spells.
Your spell library contained the following spells:

 Spells                   Type           Power      Damage    Failure   Level
 Conjure Flame            Conj/Fire      0%         6-21      100%        3
 Ignite Poison            Fire/Tmut/Pois 0%         N/A       100%        3
 Sticky Flame             Conj/Fire      0%         2d3       100%        4


Dungeon Overview and Level Annotations

Branches:
Dungeon (11/15)            Temple (0/1) D:7            Lair (1/6) D:11
    Orc (0/2) D:9          Bailey (visited)         Gauntlet (1/1)

Altars:
Ashenzari
Cheibriados
Dithmenos
Hepliaklqana
Makhleb
Nemelex Xobeh
Okawaru
Qazlal
Ru
Trog
Yredelemnul
Zin

Shops:
D:8 (   D:11 [

Annotations:
Gauntlet 10 transporters


Innate Abilities, Weirdness & Mutations

You have a pair of horns on your head.
You reflexively headbutt those who attack you in melee.


Message History

You feel yourself slow down.
You catch the helpless minotaur completely off-guard!
You hit the minotaur but do no damage.
The minotaur struggles against the net.
The net rips apart, and the minotaur comes free!
The minotaur hits you with a +2 war axe of electrocution!!
The minotaur gores you but does no damage.
You hit the minotaur but do no damage.
The minotaur hits you with a +2 war axe of electrocution.
You block the minotaur's attack.
You barely miss the minotaur. You block the minotaur's attack.
The minotaur gores you! You block the minotaur's attack.
The minotaur gores you!
You hit the minotaur but do no damage. Your headbutt misses the minotaur.
The minotaur closely misses you.
The minotaur gores you but does no damage.
You hit the minotaur but do no damage. The minotaur barely misses you.
The minotaur closely misses you.
You hit the minotaur but do no damage.
You headbutt the minotaur, but do no damage.
The minotaur hits you with a +2 war axe of electrocution.
The minotaur gores you.
The minotaur hits you with a +2 war axe of electrocution!!
The minotaur gores you.
You hit the minotaur.
The minotaur is lightly wounded.
The minotaur completely misses you. You furiously retaliate!
You headbutt the minotaur, but do no damage.
You block the minotaur's attack.
Your plate armour prevents you from hitting the minotaur.
The minotaur furiously retaliates!
The minotaur headbutts you.
The minotaur is lightly wounded.
You block the minotaur's attack.
The minotaur gores you but does no damage.
You slash the minotaur!
The minotaur is lightly wounded.
The minotaur hits you with a +2 war axe of electrocution!!
* * * LOW HITPOINT WARNING * * *
The minotaur gores you but does no damage.
The minotaur hits you with a +2 war axe of electrocution!!
You die...

#..#. #..## .#
..8.####. #..
#.....©#. ..#
##.8.#####
#.##......#..#!
#....##.8.#..##
######.##.##...#≈...
###∩H@.'.##....8.#∩...
#.######....##...#≈...
##.##....##.##.8.#..##
##....##.##......#..#.
#..##.##....##.8.####.
##.##....##.##.....©#.
#....##.##....8.####.
####.##....##...#..#.
##########≈8§#..#.


You could see a minotaur.

Vanquished Creatures
  Gastronok (D:8)
  3 two-headed ogres
  A death knight (D:10)
  Nergalle (D:10)
  A skeletal warrior (D:10)
  A necromancer (Gauntlet)
  An ugly thing (D:7)
  An apocalypse crab (Gauntlet)
  A gargoyle (D:11)
  Maggie (D:8)
  An unseen horror (D:11)
  A komodo dragon (Lair:1)
  2 freezing wraiths (D:10)
  A polar bear (Lair:1)
  2 trolls
  Grinder (D:3)
  4 blink frogs (Lair:1)
  2 wraiths (D:10)
  4 wyverns
  11 yaks
  A small abomination (Gauntlet)
  A steam dragon (D:9)
  A warg (D:9)
  An acid dragon (D:10)
  5 water moccasins
  Duvessa (D:4)
  3 orc warriors
  A sky beast (D:7)
  An ice beast (D:7)
  3 black bears
  A necrophage (D:5)
  A hornet zombie (D:6)
  3 ogres
  12 wolves
  9 centaurs
  A phantom (D:6)
  3 kobold brigands
  3 bullfrogs
  2 scorpions
  A water moccasin skeleton (D:7)
  Dowan (D:4)
  2 killer bees (D:7)
  2 howler monkeys
  5 centaur zombies
  A bullfrog zombie (D:6)
  6 hounds
  A bullfrog skeleton (D:7)
  A gnoll shaman (D:5)
  2 jellies
  4 orc priests (D:9)
  4 iguanas
  8 orc wizards
  3 killer bee zombies
  A howler monkey zombie (D:7)
  15 gnolls
  2 adders
  A shadow imp (D:7)
  2 white imps
  An ufetubus (D:6)
  3 worms
  A dart slug (D:1)
  19 orcs
  7 bats
  7 endoplasms
  A giant cockroach (D:2)
  8 goblins
  6 hobgoblins
  6 jackals
  3 quokkas
  3 training dummies (D:8)
  7 ball pythons
  2 frilled lizards
  19 kobolds
  4 rats
253 creatures vanquished.

Vanquished Creatures (others)
  A bat (D:3)
  36 demonic plants (Gauntlet)
  3 fungi (D:11)
  42 plants
82 creatures vanquished.

Grand Total: 335 creatures vanquished

Notes
Turn   | Place    | Note
-------+----------+-------------------------------------------
     0 | D:1      | arson the Minotaur Berserker began the quest for the Orb.
     0 | D:1      | Reached XP level 1. HP: 19/19 MP: 0/0
   248 | D:1      | Found a faded altar of an unknown god.
   317 | D:1      | Reached XP level 2. HP: 20/27 MP: 1/1
  1186 | D:2      | Reached XP level 3. HP: 32/34 MP: 2/2
  1221 | D:2      | Reached ** piety under Trog
  1496 | D:2      | Found a broken altar of Ashenzari.
  1954 | D:3      | Reached XP level 4. HP: 41/41 MP: 3/3
  2015 | D:3      | Reached skill level 5 in Axes
  2074 | D:3      | Noticed Grinder
  2085 | D:3      | Killed Grinder
  2086 | D:3      | Reached XP level 5. HP: 34/50 MP: 4/4
  2753 | D:4      | Found a bloodstained altar of Trog.
  3096 | D:4      | Noticed Duvessa
  3097 | D:4      | Noticed Dowan
  3102 | D:4      | Killed Dowan
  3103 | D:4      | Reached XP level 6. HP: 58/58 MP: 5/5
  3106 | D:4      | Killed Duvessa
  3187 | D:4      | Found a shadowy altar of Dithmenos.
  3243 | D:4      | Found a snail-covered altar of Cheibriados.
  3288 | D:4      | Found a sacrificial altar of Ru.
  3289 | D:4      | Found an iron altar of Okawaru.
  3290 | D:4      | Found a broken altar of Ashenzari.
  3291 | D:4      | Found a basalt altar of Yredelemnul.
  3523 | D:5      | Entered Level 5 of the Dungeon
  4061 | D:5      | Reached XP level 7. HP: 61/66 MP: 6/6
  4777 | D:5      | You fall into a shaft and drop 2 floors!
  4784 | D:7      | Reached *** piety under Trog
  4827 | D:7      | Found a burning altar of Makhleb.
  4831 | D:7      | Noticed a cyan ugly thing
  4842 | D:7      | Killed a cyan ugly thing
  4843 | D:7      | Reached XP level 8. HP: 62/78 MP: 7/7
  4853 | D:7      | Found a sparkling altar of Nemelex Xobeh.
  5124 | D:7      | Found a staircase to the Ecumenical Temple.
  5313 | D:7      | Reached skill level 10 in Fighting
  5313 | D:7      | Reached skill level 10 in Axes
  5367 | D:7      | Found a flagged portal.
  5381 | Bailey   | Entered a bailey
  5717 | Bailey   | HP: 1/80 [gnoll sergeant (10)]
  6280 | D:6      | Reached XP level 9. HP: 86/86 MP: 8/8
  8734 | D:8      | Noticed a two-headed ogre
  8740 | D:8      | Killed a two-headed ogre
  8741 | D:8      | Reached XP level 10. HP: 34/99 MP: 9/9
  9081 | D:8      | Noticed Gastronok
  9097 | D:8      | Killed Gastronok
  9313 | D:8      | Found Ofueb's Firing Range.
  9387 | D:8      | Noticed Maggie
  9396 | D:8      | Killed Maggie
  9991 | D:9      | Found a hazy altar of Hepliaklqana.
 10283 | D:9      | Noticed a two-headed ogre
 10291 | D:9      | Killed a two-headed ogre
 10294 | D:9      | Reached XP level 11. HP: 83/110 MP: 10/10
 10298 | D:9      | Reached **** piety under Trog
 10315 | D:9      | Found a staircase to the Orcish Mines.
 10970 | D:9      | Noticed a two-headed ogre
 10980 | D:9      | Killed a two-headed ogre
 11627 | D:10     | Entered Level 10 of the Dungeon
 11816 | D:10     | Noticed Nergalle
 11830 | D:10     | Killed Nergalle
 11965 | D:10     | Found a stormy altar of Qazlal.
 12004 | D:10     | Noticed a death knight
 12020 | D:10     | Reached skill level 15 in Fighting
 12028 | D:10     | Killed a death knight
 12029 | D:10     | Reached skill level 15 in Axes
 12066 | D:10     | Noticed a skeletal warrior
 12085 | D:10     | Killed a skeletal warrior
 12098 | D:10     | Found a glowing silver altar of Zin.
 12601 | D:11     | Found a staircase to the Lair.
 13160 | D:11     | Reached XP level 12. HP: 99/122 MP: 11/11
 13352 | D:11     | Found Motew's Armour Shoppe.
 13553 | D:11     | Reached skill level 1 in Shields
 13877 | Lair:1   | Entered Level 1 of the Lair of Beasts
 13949 | Lair:1   | Reached skill level 5 in Shields
 13974 | Lair:1   | Found a gate leading to a gauntlet.
 13984 | Gauntlet | Entered a Gauntlet
 13984 | Gauntlet | Found a transporter.
 13984 | Gauntlet | Found a transporter.
 14027 | Gauntlet | Found a transporter.
 14039 | Gauntlet | Found a transporter.
 14042 | Gauntlet | Noticed a hell beast
 14043 | Gauntlet | Found a transporter.
 14045 | Gauntlet | Found a transporter.
 14047 | Gauntlet | Found a transporter.
 14049 | Gauntlet | Found a transporter.
 14085 | Gauntlet | Found a transporter.
 14097 | Gauntlet | Found a transporter.
 14105 | Gauntlet | Found a transporter.
 14128 | Gauntlet | Found a transporter.
 14162 | Gauntlet | Found a transporter.
 14174 | Gauntlet | Noticed a death scarab
 14176 | Gauntlet | Found a transporter.
 14276 | Gauntlet | Found a transporter.
 14291 | Gauntlet | Found a transporter.
 14515 | Gauntlet | Identified the ring "Mebot" {rElec rF+ Str+3 Int+2 SInv}
 14553 | Gauntlet | Noticed a minotaur
 14567 | Gauntlet | Mangled by a minotaur

Illustrated notes

Levels and vault maps discovered:
D:1:      nagdon_arrival_double_spiral, layout_loops_corners,
          basic_ecumenical_altar, chequers_serial_rivers_small_3
D:2:      layout_basic, basic_altar, serial_bayou_lagoon_a
D:3:      layout_rooms, lemuel_old_faithful, uniq_grinder
D:4:      layout_basic, lemuel_doored_altar, mainiacjoe_overflow_alcove_3,
          mainiacjoe_overflow_catwalk_spiral, serial_rivers,
          chequers_serial_rivers_small_a, chequers_serial_rivers_large_b,
          chequers_serial_rivers_large_a, chequers_serial_rivers_micro_c,
          chequers_serial_rivers_marsh, uniq_duvessa
D:5:      layout_basic
D:6:      layout_cave_pools, grunt_tough_drop
D:7:      minmay_slanted_spiral_squares, layout_layer_cave,
          nemelex_diamond_rough_becter, makhleb_altar_promises_db,
          minmay_temple_entry_junction_2, enter_bailey_5
D:8:      layout_rooms, nicolae_shop_firing_range, uniq_maggie, uniq_gastronok
D:9:      layout_gridville, mainiacjoe_overflow_six_doors_small, erik_orc_4,
          nicolae_benzene_ring
D:10:     layout_roguey, zin_scriptorium, nicolae_qazlal_eye_of_the_storm,
          uniq_nergalle
D:11:     layout_loops_ring, minmay_lair_entry_grove, serial_shops, shop
Lair:1:   layout_cave_shapes, ebering_ghost_inner_flame, gauntlet_entry_generic,
          uniq_sonja
Gauntlet: gammafunk_gauntlet_branching [nicolae_gauntlet_arena_quarters,
          gammafunk_gauntlet_arena_spirals, nicolae_gauntlet_arena_t_cross,
          gammafunk_gauntlet_arena_split_diamond, gammafunk_gauntlet_arena_grid,
          nicolae_gauntlet_arena_x, gammafunk_gauntlet_arena_hedges,
          gammafunk_gauntlet_arena_arrow_garden, gauntlet_exit_green]

Skill      XL: |  1  2  3  4  5  6  7  8  9 10 11 12 |
---------------+-------------------------------------+-----
Fighting       | 4 6 7 9 10 12 14 15 16 | 16.0
Axes           | 4 6 7 9 10 12 14 15 16 | 16.0
Shields        | 7 |  7.0
Armour         | |  2.4
Dodging        | |  2.2

Action                   |  1- 3 |  4- 6 |  7- 9 | 10-12 || total
-------------------------+-------+-------+-------+-------++-------
Melee: Hand axe          |     7 |       |       |       ||     7
       War axe           |    74 |    56 |   237 |   370 ||   737
       Headbutt          |    11 |    11 |    59 |    87 ||   168
Throw: Throwing net      |       |       |       |     1 ||     1
Invok: Trog's Hand       |       |     2 |     2 |    10 ||    14
       Berserk           |       |     2 |     5 |    12 ||    19
Evoke: Wand              |       |       |     1 |     1 ||     2
  Use: Scroll            |       |       |     6 |     7 ||    13
 Stab: Sleeping          |     1 |       |       |       ||     1
       Held in net/web   |       |       |       |     1 ||     1
Armor: Animal skin       |     5 |       |       |       ||     5
       Chain mail        |    37 |    31 |    76 |       ||   144
       Plate armour      |       |       |   100 |   213 ||   313
Dodge: Dodged            |    43 |    16 |    86 |    63 ||   208
Block: Kite shield       |       |       |    60 |   176 ||   236

Table legend: (Time is in decaauts)
 A = Elapsed time spent in this place.
 B = Non-inter-level travel time spent in this place.
 C = Inter-level travel time spent in this place.
 D = Time resting spent in this place.
 E = Time spent auto-exploring this place.
 F = Levels seen in this place.
 G = Mean time per level.
                   A        B        C        D        E       F      G
               +--------+--------+--------+--------+--------+-----+--------+
         Total |  14897 |  14493 |    404 |   3345 |   8763 |  14 | 1064.1 |
       Dungeon |  13833 |  13429 |    404 |   3154 |   8400 |  11 | 1257.5 |
          Lair |    115 |    115 |      0 |      0 |      0 |   1 |  115.0 |
        Bailey |    350 |    350 |      0 |    177 |      0 |   1 |  350.0 |
      Gauntlet |    597 |    597 |      0 |     14 |    363 |   1 |  597.0 |
               +--------+--------+--------+--------+--------+-----+--------+

Top non-repeatable levels by time:
     D:7: 2250 daAuts
     D:9: 1878 daAuts
     D:5: 1414 daAuts
    D:10: 1247 daAuts
     D:1: 1224 daAuts
     D:4: 1126 daAuts
     D:6: 1110 daAuts
     D:8: 1051 daAuts
    D:11: 1046 daAuts
     D:2: 803 daAuts
     D:3: 681 daAuts
Gauntlet: 597 daAuts
  Bailey: 350 daAuts
  Lair:1: 115 daAuts
